[Event "*** Titled Tuesday 3|2 Blitz"]
[Site "Chess.com"]
[Date "2017.06.06"]
[Round "8"]
[White "amurdercastle"]
[Black "Fy_Rakotomaharo"]
[Result "0-1"]
[WhiteElo "2289"]
[BlackElo "2405"]
[TimeControl "180+2"]
[EndTime "15:35:20 PDT"]
[Termination "Fy_Rakotomaharo won by resignation"]

1. d4 Nf6 2. c4 g6 3. f3 d5 4.
cxd5 Nxd5 5. e4 Nb6 6. Nc3 Bg7 7. Be3 O-O 8. Qd2 Nc6 9. O-O-O a5 10. h4 a4 11. h5 Na5 12. Bh6 Nac4 13. Bxc4 Nxc4 14.
Qf4 e5 15. dxe5 Bxe5 16. Qg5 Qxg5+ 17. Bxg5 a3 18. b3 Nb2 19. Nge2 Nxd1 20. Nxd1 Be6 21. Ne3 Bxb3 22. f4 Bb2+ 23. Kb1 Ba4 24. e5 Bb5 25. Nc1 Bc6 26. Kc2 Be4+ 27. Kd2 Ra4 28.
Nb3 b6 29. hxg6 fxg6 30. Ke2 c5 31. Rd1 c4 32. Nd4 Bd3+ 33. Kf3 Bxd4 34. Nd5 Bxe5 35. Ne7+ Kg7 36. Ke3 Bd6 37. Nd5 Re8+ 38. Kf3 Be2+ 0-1

[Event "*** Titled Tuesday 3|2 Blitz"]
[Site "Chess.com"]
[Date "2017.06.06"]
[Round "8"]
[White "Alexander_Moskalenko"]
[Black "cstefan"]
[Result "0-1"]
[WhiteElo "2659"]
[BlackElo "2228"]
[TimeControl "180+2"]
[EndTime "15:35:23 PDT"]
[Termination "cstefan won by checkmate"]

1. e4 d5 2. exd5 Qxd5 3. Nc3 Qd6 4. d4 Nf6 5. Nf3 c6 6. Ne5 Nbd7 7. Bf4 Nd5 8. Nxd5 Qxd5 9. f3 Nxe5 10. Bxe5 f6 11. Bg3 Bf5 12. c3 h5 13. h4 e6 14. Qb3 Bd6 15. Bf2 Qxb3 16. axb3 a5 17. b4 a4 18. Bc4 b5 19. Be2 Kf7 20. Kd2 Rad8 21. Bd3 Bxd3 22. Kxd3 e5 23. b3 axb3 24. Ra6 exd4 25. Bxd4 Rhe8 26. Rxc6 Bf4 27. Rc5 Re3+ 28. Kd2 Rxf3+ 29. Ke2 Rg3 30. Rb1 Ra8 31. Rxb3 Ra2+ 32. Kf1 Rgxg2 33. Rf5 Rh2 34. Rb1 Rh1+ 35. Bg1 Be3 36. Rg5 fxg5 37. hxg5 Rxg1# 0-1

[Event "*** Titled Tuesday 3|2 Blitz"]
[Site "Chess.com"]
[Date "2017.06.06"]
[Round "8"]
[White "goingin33"]
[Black "1lec"]
[Result "0-1"]
[WhiteElo "2173"]
[BlackElo "2056"]
[TimeControl "180+2"]
[EndTime "15:35:26 PDT"]
[Termination "1lec won by checkmate"]

1. d4 Nf6 2. Bg5 Ne4 3. Bf4 d5 4.
f3 Nf6 5. e4 dxe4 6. Nc3 e3 7. Bc4 Bf5 8. Nge2 e6 9. Ng3 Bg6 10.
Bxe3 Nbd7 11. Nce4 Be7 12. Bb3 O-O 13. Qd2 Nd5 14. Bxd5 exd5 15. Nc3 c6 16. Bf4 Nb6 17. Nce2 Nc4 18. Qc1 Re8 19. O-O Bd6 20. b3 Bxf4 21.
Nxf4 Ne3 22. Rf2 Qf6 23. Nxg6 Qxd4 24. c3 Qf6 25. Re2 d4 26. Ne4 Qxg6 27. cxd4 Nf5 28.
Rd2 Rad8 29. Qb2 Nh4 30. Kh1 Nf5 31. Re1 Ne7 32. Qc2 Nd5 33. Ng3 Qxc2 34. Rxe8+ Rxe8 35. Ne4 Qxd2 36. Nxd2 Re1+ 37. Nf1 Rxf1# 0-1

[Event "*** Titled Tuesday 3|2 Blitz"]
[Site "Chess.com"]
[Date "2017.06.06"]
[Round "8"]
[White "Keranke"]
[Black "Rodalquilar"]
[Result "1-0"]
[WhiteElo "2667"]
[BlackElo "2539"]
[TimeControl "180+2"]
[EndTime "15:35:31 PDT"]
[Termination "Keranke won on time"]

1. d4 Nf6 2. Bf4 e6 3. e3 c5 4. Nf3 Nc6 5. Nc3 cxd4 6. exd4 Qb6 7. a3 Be7 8. Be2 O-O 9. O-O d6 10. Re1 Bd7 11. Nb5 Na5 12. c4 Nxc4 13. a4 Rfc8 14.
b3 Na5 15. b4 Nc4 16. Qb3 d5 17. Ne5 Bxb5 18. axb5 Qxb5 19. Rab1 a5 20. Qh3 axb4 21.
Nxf7 Kxf7 22. Qxe6+ Kxe6 23. Bxc4+ Kf5 24. Bxb5 Kxf4 25. Rxe7 b3 26. Bd3 b2 27. g3+ Kg5 28.
Rxg7+ Kh6 29. Rxb7 Rc1+ 30. Kg2 Rc3 31. Bf5 Rf8 32.
R1xb2 Rc4 33. R2b6 Kg5 34. Bb1 Rxd4 35. h4+ Kh5 36.
Bxh7 Rd2 37. Bf5 d4 38. Kh3 Rg8 39. Rxf6 1-0

[Event "*** Titled Tuesday 3|2 Blitz"]
[Site "Chess.com"]
[Date "2017.06.06"]
[Round "8"]
[White "Journey_to_GrandMaster_YT"]
[Black "silverback96"]
[Result "1-0"]
[WhiteElo "2346"]
[BlackElo "2118"]
[TimeControl "180+2"]
[EndTime "15:35:35 PDT"]
[Termination "Journey_to_GrandMaster_YT won by resignation"]

1. d4 Nf6 2. Nf3 c5 3. d5 e6 4.
c4 exd5 5. cxd5 d6 6. Nc3 g6 7. h3 Bg7 8. Bf4 O-O 9. e3 Nh5 10. Bh2 f5 11. Bd3 Na6 12. O-O f4 13. e4 g5 14. Nd2 Qe8 15. Nc4 Be5 16. Nb5 Qg6 17. Nbxd6 Bxd6 18. Nxd6 Qxd6 19. Qxh5 Qe5 20. h4 Nb4 21. Bc4 Qxe4 22. Qxg5+ Kh8 23. Rac1 Rg8 24. Rfe1 Qd4 25. Qxf4 Bh3 26. Qe5+ Rg7 27. Qxd4 cxd4 28. Be5 Rg8 29. d6 Bxg2 30. Bxg8 Nd3 31. Bxg7+ Kxg8 32. Kxg2 Nxe1+ 33. Rxe1 Kxg7 34. d7 1-0

[Event "*** Titled Tuesday 3|2 Blitz"]
[Site "Chess.com"]
[Date "2017.06.06"]
[Round "8"]
[White "Divertissement"]
[Black "Pierrebl"]
[Result "0-1"]
[WhiteElo "2417"]
[BlackElo "2551"]
[TimeControl "180+2"]
[EndTime "15:35:54 PDT"]
[Termination "Pierrebl won by resignation"]

1. d4 d5 2. Nf3 Nf6 3. c4 c6 4. Nbd2 Bf5 5. Nh4 Be6 6. e3 g6 7. Be2 Bg7 8. O-O O-O 9. b3 c5 10. Bb2 cxd4 11. Bxd4 Nc6 12. Bb2 d4 13. exd4 Nxd4 14. Nhf3 Nxe2+ 15. Qxe2 Qc7 16. Rad1 Rfd8 17. Rfe1 a5 18. Ne4 Rxd1 19. Nxf6+ Bxf6 20. Rxd1 Bxb2 21. Qxb2 Bg4 22. Rd3 a4 23. h3 Bf5 24. Rd2 Qf4 25. Qe5 Qxe5 26. Nxe5 axb3 27. axb3 Ra1+ 28. Kh2 Rb1 29.
g4 Be6 30. Rd3 f6 31. Nf3 Kf7 32. Rc3 g5 33. Nd4 Bd7 34. c5 e5 35. Ne2 Bc6 36.
Nc1 Kg6 37. Kg3 h5 38. f3 h4+ 39. Kf2 Rb2+ 40. Ke3 Rh2 41. Nd3 Rxh3 42. Ne1 Rh1 43. Kf2 Rh2+ 44. Ke3 Rb2 45. Rd3 h3 46. Rd2 Rxd2 0-1

[Event "*** Titled Tuesday 3|2 Blitz"]
[Site "Chess.com"]
[Date "2017.06.06"]
[Round "8"]
[White "Ivan11Martic"]
[Black "ViIIagra"]
[Result "0-1"]
[WhiteElo "2398"]
[BlackElo "2596"]
[TimeControl "180+2"]
[EndTime "15:36:05 PDT"]
[Termination "ViIIagra won by resignation"]

1. e4 c5 2. Nf3 d6 3. d4 cxd4 4.
Nxd4 Nf6 5. Nc3 Nc6 6. Bg5 Qb6 7.
Nb3 e6 8. Qd2 a6 9. O-O-O Be7 10. f4 O-O 11. Kb1 h6 12. h4 Rd8 13. Bd3 Ng4 14. Rdf1 Qe3 15. Bxe7 Qxd2 16. Nxd2 Nxe7 17. Nc4 b5 18. Nb6 Rb8 19. Nxc8 Rdxc8 20. Rh3 Nf6 21. Re1 e5 22. fxe5 dxe5 23. h5 Rd8 24. a3 Nh7 25.
Rf3 Ng5 26. Rf2 Ne6 27. g3 f6 28. Be2 Nd4 29. Bg4 b4 30. axb4 Rxb4 31. Na2 Rb7 32. c3 Ndc6 33. Be6+ Kf8 34. Ree2 Rd6 35. Bc4 Na5 36.
Bd5 Nxd5 37. exd5 Rxd5 38. Nb4 Rdb5 39. Nxa6 Nc6 40. Rd2 Ra5 41. Nb4 Nxb4 42. cxb4 Rab5 43. Rd8+ Ke7 44. Rfd2 Rxb4 45. Rg8 Ke6 46. Rgd8 Kf5 47. R8d3 Kg4 48. Rc3 Kxh5 49. Kc1 Kg4 50. Rh2 h5 51.
Rh4+ Kg5 52. Rh2 e4 53. Rd2 f5 54. Rd5 Kg4 55. Rd6 g5 56. Rd5 Rxb2 0-1

[Event "*** Titled Tuesday 3|2 Blitz"]
[Site "Chess.com"]
[Date "2017.06.06"]
[Round "8"]
[White "Gordima"]
[Black "heartofatiger"]
[Result "1-0"]
[WhiteElo "2532"]
[BlackElo "2389"]
[TimeControl "180+2"]
[EndTime "15:36:10 PDT"]
[Termination "Gordima won on time"]

1. Nf3 Nf6 2. c4 g6 3. Nc3 Bg7 4. e4 d6 5. d4 O-O 6. Be2 Na6 7. O-O e5 8. Be3 c6 9. d5 Ng4 10. Bg5 f6 11. Bh4 c5 12. Nd2 h5 13. h3 Nh6 14.
a3 Nf7 15. Rb1 Bh6 16. b4 Qe7 17. bxc5 Nxc5 18. Nb3 b6 19. a4 Bg5 20. Bg3 h4 21. Bh2 Bf4 22. a5 Bxh2+ 23. Kxh2 f5 24. Nxc5 bxc5 25. Bd3 Ng5 26. f3 Nh7 27. Qd2 Kg7 28. Rb2 f4 29. Rfb1 Qg5 30. Kh1 Nf6 31.
Bc2 Nh5 32. Ba4 Qg3 33. Bc6 Bxh3 34. Bxa8 Rxa8 35. Qf2 Qxf2 36. Rxf2 Bc8 37. Rfb2 Ba6 38. Rb8 Rxb8 39. Rxb8 Bxc4 40. Rb7+ Kf6 41. Rxa7 Ng3+ 42. Kg1 1-0

[Event "*** Titled Tuesday 3|2 Blitz"]
[Site "Chess.com"]
[Date "2017.06.06"]
[Round "8"]
[White "Batica1984"]
[Black "jcibarra"]
[Result "0-1"]
[WhiteElo "2539"]
[BlackElo "2647"]
[TimeControl "180+2"]
[EndTime "15:36:30 PDT"]
[Termination "jcibarra won by resignation"]

1. e4 c5 2. Nc3 a6 3. Nf3 d6 4.
d4 cxd4 5. Nxd4 Nf6 6. Be3 Ng4 7. Bg5 h6 8. Bh4 g5 9. Bg3 Bg7 10. Be2 h5 11. h4 Nc6 12. Nxc6 bxc6 13. hxg5 Rb8 14.
Qc1 Qa5 15. O-O h4 16. Bf4 h3 17. g3 Qb6 18. Nd1 Be6 19. c3 f6 20. gxf6 Bxf6 21. b3 Kd7 22. Ne3 Ne5 23. Nf5 Rbg8 24. Qd2 c5 25.
Rad1 Qc6 26. f3 Kc7 27. Kh2 Bxf5 28. exf5 Rh5 29. Qc2 Ng4+ 30. Kh1 Be5 31. Bxe5 Nxe5 32. Qe4 Rxg3 33. Qxc6+ Kxc6 34. f4 Ng4 35. Rg1 Nf2+ 36.
Kh2 Rxg1 37. Rxg1 Rxf5 38. Kg3 Ne4+ 39. Kg4 Rf8 40. Rf1 h2 41. Bf3 d5 42. Bxe4 dxe4 43.
Kh3 Rxf4 44. Re1 Kd5 45. Kxh2 Rf2+ 46. Kg3 Rxa2 47. Kf4 Rf2+ 48. Ke3 Rc2 49. Rd1+ Ke5 50. c4 Rc3+ 51. Ke2 Rxb3 52. Rd5+ Kf4 53. Rxc5 Rb2+ 54. Kd1 e3 55. Rc8 e2+ 56. Ke1 Ke3 0-1

[Event "*** Titled Tuesday 3|2 Blitz"]
[Site "Chess.com"]
[Date "2017.06.06"]
[Round "8"]
[White "NTBT_DHS"]
[Black "Ind1anStar"]
[Result "1-0"]
[WhiteElo "2438"]
[BlackElo "2308"]
[TimeControl "180+2"]
[EndTime "15:36:30 PDT"]
[Termination "NTBT_DHS won by resignation"]

1. d4 Nf6 2. c4 g6 3. Nf3 Bg7 4.
g3 O-O 5. Bg2 d5 6. O-O dxc4 7.
Na3 Nc6 8. Nxc4 Be6 9. b3 Bd5 10. Bb2 a5 11. Re1 a4 12. Nfe5 Bxg2 13. Kxg2 Ra6 14.
e4 Qa8 15. Nxc6 bxc6 16. f3 Rd8 17. b4 Qb7 18. a3 c5 19. bxc5 Nd7 20. Qc2 e5 21.
Rab1 Qc6 22. Nxe5 Nxe5 23. dxe5 Ra5 24. Rbc1 Bf8 25. e6 Rxc5 26. exf7+ Kxf7 27. Qf2 Qb5 28. Bd4 Rxc1 29. Rxc1 c5 30. Bxc5 Rc8 31. Be3 Rxc1 32. Bxc1 Qc4 33. Bb2 Bc5 34. Qd2 Ke6 35. h4 Qb3 36. g4 Be3 37. Qc3 Qxc3 38. Bxc3 Bc5 39. Bb2 Kf7 40. f4 Ke6 41. Kf3 Ke7 42. f5 Kf7 43. e5 Ke7 44. Ke4 Kf7 45. e6+ Ke7 46.
Kd5 Bf2 47. f6+ Kf8 48. Be5 1-0

[Event "*** Titled Tuesday 3|2 Blitz"]
[Site "Chess.com"]
[Date "2017.06.06"]
[Round "8"]
[White "chessking2151"]
[Black "Saitama_Hero"]
[Result "1-0"]
[WhiteElo "2347"]
[BlackElo "2234"]
[TimeControl "180+2"]
[EndTime "15:36:30 PDT"]
[Termination "chessking2151 won by resignation"]

1. e4 d6 2. d4 g6 3. h4 Bg7 4. h5 Nf6 5. h6 Bf8 6. Nc3 Nbd7 7. Nf3 e5 8. dxe5 dxe5 9. Bg5 Be7 10. Bc4 c6 11. Qe2 O-O 12. O-O-O Qc7 13. Bb3 Nc5 14.
Bh4 a5 15. Bg3 Nfd7 16. a4 Nxb3+ 17. cxb3 b6 18. Rxd7 Qxd7 19. Nxe5 Qe6 20. Qc4 Bg5+ 21. Kc2 Qxc4 22. Nxc4 Bd8 23. Rd1 Be6 24. Rd6 b5 25. axb5 cxb5 26. Nxb5 a4 27. Nba3 axb3+ 28. Kxb3 Be7 29. Rc6 Rfc8 30. Rxe6 fxe6 31. Nb5 Rc5 32. Nba3 Rh5 33. Bf4 Rf8 34. Be3 Bc5 35. f3 Bxe3 36. Nxe3 Rxh6 37. Nac4 Rh5 38. Kc3 Rc5 39. b4 Rb5 40.
Nd6 Rb6 41. Nec4 Rbb8 42. b5 Rfd8 43. Kb4 Kf8 44. e5 Ke7 45. Na5 Rxd6 46. exd6+ Kxd6 47. Nc4+ Kc7 48. Kc5 h5 49. b6+ Kd7 50. Ne5+ Ke7 51. Nc6+ 1-0

[Event "*** Titled Tuesday 3|2 Blitz"]
[Site "Chess.com"]
[Date "2017.06.06"]
[Round "8"]
[White "tigra"]
[Black "DanielNaroditsky"]
[Result "1-0"]
[WhiteElo "2653"]
[BlackElo "2743"]
[TimeControl "180+2"]
[EndTime "15:36:31 PDT"]
[Termination "tigra won by checkmate"]

1. e4 e5 2. Nf3 Nc6 3. Bb5 a6 4. Ba4 Nf6 5. O-O Be7 6. Re1 b5 7.
Bb3 d6 8. c3 O-O 9. h3 Na5 10.
Bc2 c5 11. d4 Nd7 12. dxc5 dxc5 13. Nbd2 Re8 14. Nh2 Nf8 15. Ng4 Ng6 16. Qf3 Be6 17. Qg3 Bh4 18. Qh2 Bg5 19. Nf3 Bxc1 20. Raxc1 Bxg4 21. hxg4 Qf6 22. b3 Rad8 23. Re3 Nf4 24.
g5 Qe7 25. g3 Ng6 26. Kg2 c4 27. b4 Nb7 28. a4 Nd6 29. Qh5 bxa4 30. Bxa4 Nb5 31.
Re2 Rd3 32. Bxb5 axb5 33. Ne1 Rd6 34. Nc2 Nf8 35. Ne3 Rg6 36. Nf5 Qxg5 37. Qxg5 Rxg5 38. Nd6 Rb8 39. Rd1 Ne6 40. Kh2 Nc7 41. Ra2 Rg6 42.
Ra7 Ne8 43. Nf5 Rf6 44. Rdd7 g6 45. Nh6+ Kg7 46. Ng4 Rf3 47. Kg2 h5 48. Nxe5 Rxc3 49.
Rxf7+ Kg8 50. Nxg6 Ra3 51. Rf8# 1-0

[Event "*** Titled Tuesday 3|2 Blitz"]
[Site "Chess.com"]
[Date "2017.06.06"]
[Round "8"]
[White "GameOverBro"]
[Black "TregubovP"]
[Result "1-0"]
[WhiteElo "2255"]
[BlackElo "2326"]
[TimeControl "180+2"]
[EndTime "15:36:33 PDT"]
[Termination "GameOverBro won by resignation"]

1. e4 c5 2. Ne2 Nc6 3. Nbc3 e6 4.
d4 cxd4 5. Nxd4 Nf6 6. Nxc6 bxc6 7. e5 Nd5 8. Ne4 Qc7 9. f4 Qb6 10. Qf3 f5 11. Nf2 Ba6 12. a3 Bxf1 13. Kxf1 a5 14. g3 a4 15. Kg2 Qa6 16. Nd3 Be7 17. Bd2 O-O 18. Rac1 Qc4 19. Be1 Rfb8 20. Bf2 Rb5 21. Rhd1 Rab8 22. h4 h6 23. h5 Rxb2 24. Nxb2 Rxb2 25.
Qd3 Qe4+ 26. Qxe4 fxe4 27. Re1 Bxa3 28. Rxe4 Ra2 29. Rxa4 Nc3 30. Ra8+ Kf7 31. Re1 Be7 32. Rxa2 Nxa2 33. Ra1 Nb4 34. Ra7 Ke8 35. c3 Nd5 36. c4 Nb4 37. Kf3 Nd3 38. Be3 Nb2 39. c5 Nd3 40. Ra5 Nb4 41. Ke4 Nd5 42. Bd4 Kf7 43. Ra7 Ke8 44. g4 Nb4 45. f5 exf5+ 46. gxf5 Nd5 47.
e6 dxe6 48. fxe6 Bf6 49. Rxg7 Bxg7 50. Bxg7 Ke7 51. Ke5 Nc7 52. Bf6+ Ke8 53. Kd6 Nb5+ 54. Kxc6 1-0

[Event "*** Titled Tuesday 3|2 Blitz"]
[Site "Chess.com"]
[Date "2017.06.06"]
[Round "8"]
[White "Vamostodorecto"]
[Black "axvesik"]
[Result "1/2-1/2"]
[WhiteElo "2324"]
[BlackElo "2351"]
[TimeControl "180+2"]
[EndTime "15:36:35 PDT"]
[Termination "Game drawn by agreement"]

1. d4 Nf6 2. c4 e6 3. Nc3 Bb4 4. a3 Bxc3+ 5. bxc3 O-O 6. f3 c5 7. e4 Nc6 8. Be3 Qa5 9. Qd2 b6 10. Bd3 Ba6 11. a4 cxd4 12. cxd4 Qxd2+ 13. Kxd2 Na5 14. Kc3 Nxc4 15. Bxc4 Rfc8 16. Nh3 Rxc4+ 17. Kb3 Rac8 18. Rac1 d5 19. e5 Nd7 20. Rxc4 Bxc4+ 21. Ka3 Ba6 22.
Rc1 Rxc1 23. Bxc1 Bf1 24. Nf4 g5 25. Nh5 Bxg2 26. Bxg5 Bxf3 27. Nf6+ Nxf6 28. Bxf6 h5 29. Kb4 Be2 30. a5 bxa5+ 31. Kxa5 Kh7 32. Kb4 Kg6 33. Bd8 Kf5 34. h4 Kg4 35. Kc5 a5 36. Bg5 a4 37.
Kb4 Bd1 38. Ka3 Kf5 39. Bc1 Ke4 40. Bb2 Kd3 41. Kb4 Ke4 42. Bc3 Kf5 43. Bd2 f6 44. exf6 Kxf6 45. Bf4 Kf5 46. Be5 Kg4 47. Bf6 Bb3 48. Ka3 Kf5 49. Be5 Ke4 50. Kb4 Kf3 51. Ka3 Kg4 52. Bf6 Kf5 53. Be5 1/2-1/2

[Event "*** Titled Tuesday 3|2 Blitz"]
[Site "Chess.com"]
[Date "2017.06.06"]
[Round "8"]
[White "Ginger_GM"]
[Black "DryCounty"]
[Result "0-1"]
[WhiteElo "2429"]
[BlackElo "2478"]
[TimeControl "180+2"]
[EndTime "15:36:36 PDT"]
[Termination "DryCounty won by resignation"]

1. d4 Nf6 2. c4 g6 3. Nc3 Bg7 4.
e4 d6 5. h4 c5 6. d5 O-O 7. h5 e6 8. hxg6 fxg6 9. Bg5 exd5 10. e5 Qe8 11. Nf3 d4 12. Nb5 dxe5 13. Nc7 Qe7 14.
Nxa8 e4 15. Nh2 Nc6 16. Be2 h5 17. g4 d3 18. Bf1 Qe5 19. Be3 Nxg4 20. Nxg4 Bxg4 21.
Qd2 Rxa8 22. Bh3 Bf3 23. Rg1 Kh7 24. Bg2 Qxb2 25. Qxb2 Bxb2 26. Rb1 Bc3+ 27. Bd2 Bxd2+ 28. Kxd2 Nd4 29. Rxb7+ Kh6 30. Ke3 Nc2+ 31. Kd2 Nd4 32. Bf1 h4 33. Bh3 Ne2 34. Rgb1 Nf4 35. Bd7 h3 36. Ke3 Ng2+ 37. Kd2 e3+ 38. fxe3 Bxb7 39. Rxb7 h2 40. Rb1 Rf8 41. Rh1 Rf2+ 42. Kxd3 Nh4 43. a4 Nf5 44. Bc6 Ng3 45. Rb1 g5 46. a5 g4 47. a6 Ra2 48. Bb7 Kg5 49. e4 h1=Q 50. Rxh1 Nxh1 51. e5 Nf2+ 52. Ke3 Nd1+ 53. Ke4 g3 0-1

[Event "*** Titled Tuesday 3|2 Blitz"]
[Site "Chess.com"]
[Date "2017.06.06"]
[Round "8"]
[White "AndreyOstrovskiy"]
[Black "sergiochess83"]
[Result "0-1"]
[WhiteElo "2531"]
[BlackElo "2652"]
[TimeControl "180+2"]
[EndTime "15:36:37 PDT"]
[Termination "sergiochess83 won by resignation"]

1. e4 c5 2. Nf3 e6 3. d4 cxd4 4.
Nxd4 Nc6 5. Nc3 d6 6. Nb3 Nf6 7. g4 a6 8. Bg2 Nd7 9. g5 h6 10.
gxh6 g6 11. h4 Qc7 12. h5 g5 13. Bxg5 Nce5 14. Qd4 Bxh6 15. Bxh6 Rxh6 16. O-O-O Qb6 17. f4 Qxd4 18. Rxd4 Ng4 19. Bf3 e5 20. Rd2 Ne3 21. f5 Nc4 22. Rg2 Nf6 23. Be2 Nb6 24. Rd1 Ke7 25.
a4 Bd7 26. a5 Na4 27. Nd5+ Nxd5 28. exd5 Bxf5 29. Rf2 Bh7 30. Rdf1 f6 31. Rg1 Kf8 32. Bg4 b6 33. Bd7 Nc5 34. Nxc5 bxc5 35. Bg4 Ra7 36. Be2 f5 37. Bd3 f4 38. Bxh7 Raxh7 39. Rfg2 Rxh5 40.
Rg8+ Ke7 41. R8g7+ Rxg7 42. Rxg7+ Kf6 43. Rd7 e4 44. Rxd6+ Ke5 45. Rxa6 e3 46. c4 f3 47.
Re6+ Kd4 48. a6 f2 49. Rf6 e2 50. a7 e1=Q+ 0-1

[Event "*** Titled Tuesday 3|2 Blitz"]
[Site "Chess.com"]
[Date "2017.06.06"]
[Round "8"]
[White "metalbattler"]
[Black "ChessQueen"]
[Result "0-1"]
[WhiteElo "2038"]
[BlackElo "2500"]
[TimeControl "180+2"]
[EndTime "15:36:48 PDT"]
[Termination "ChessQueen won by resignation"]

1. e4 c5 2. Nc3 Nc6 3. Bb5 Nd4 4.
Nf3 Nxb5 5. Nxb5 a6 6. Nc3 e6 7. d4 cxd4 8. Qxd4 d6 9. Be3 Nf6 10. O-O-O Qc7 11. Qb6 Qxb6 12. Bxb6 Bd7 13. e5 dxe5 14.
Nxe5 Rc8 15. Rd2 Bc5 16. Rhd1 Bxb6 17. Nxd7 Nxd7 18. Rxd7 Bxf2 19. Rxb7 Be3+ 20. Kb1 O-O 21. Ne4 Rfd8 22. Rdd7 Rxd7 23. Rxd7 f5 24. Nd6 Rb8 25. c4 g6 26. Kc2 e5 27. a3 a5 28. Nb5 e4 29. b4 axb4 30. axb4 Bg1 31. h3 f4 32. Re7 f3 33. Rxe4 f2 34. Rf4 Rf8 35. Rxf2 Rxf2+ 36. Kb3 Rxg2 37. c5 Rg3+ 38. Kc4 Rxh3 39. c6 Rh4+ 40. Kb3 Bb6 41. Nd6 h5 42.
Nc8 Bc7 43. b5 Rh1 44. Kc4 Rc1+ 45. Kd5 h4 46. Ke6 h3 47. Ne7+ Kg7 48. Nd5 Ba5 49.
Kd7 h2 50. c7 Bxc7 0-1

[Event "*** Titled Tuesday 3|2 Blitz"]
[Site "Chess.com"]
[Date "2017.06.06"]
[Round "8"]
[White "proxy6"]
[Black "Wolverine_master"]
[Result "1-0"]
[WhiteElo "2306"]
[BlackElo "1985"]
[TimeControl "180+2"]
[EndTime "15:36:49 PDT"]
[Termination "proxy6 won by checkmate"]

1. e4 d5 2. exd5 Qxd5 3. Nc3 Qd6 4. d4 Nf6 5. Nf3 a6 6. Be3 Nc6 7. Qd2 Bg4 8. Be2 O-O-O 9. O-O-O e6 10. Bf4 Qb4 11.
a3 Qa5 12. Qe3 Bd6 13. Ne5 Bxe5 14. dxe5 Rxd1+ 15. Rxd1 Bxe2 16. Qxe2 Nd7 17. Qg4 Rg8 18.
Qh5 Ncxe5 19. Qxh7 Rd8 20. Qxg7 Nc4 21. Bg5 f6 22. Bxf6 Nxf6 23. Rxd8+ Kxd8 24. Qxf6+ Kd7 25. Qf7+ Kd6 26. Qf4+ Kd7 27. Qxc4 Qg5+ 28. Kb1 Qxg2 29. Qf4 e5 30. Qxe5 Qxf2 31. Qd5+ Kc8 32. Qe6+ Kb8 33. h3 Qf1+ 34. Ka2 b5 35. h4 Qc1 36. Qe8+ Kb7 37. Qe4+ Ka7 38. h5 Qh6 39. Qd4+ Kb7 40.
Qd5+ Kb8 41. Qg8+ Kb7 42. Qg6 Qf8 43. h6 b4 44. axb4 Qxb4 45. Qe4+ Qxe4 46. Nxe4 a5 47.
h7 a4 48. h8=Q a3 49. Qd4 Ka6 50. Qb4 c5 51. Nxc5+ Ka7 52. Qb7# 1-0

[Event "*** Titled Tuesday 3|2 Blitz"]
[Site "Chess.com"]
[Date "2017.06.06"]
[Round "8"]
[White "Margency"]
[Black "yian123"]
[Result "1-0"]
[WhiteElo "2540"]
[BlackElo "2413"]
[TimeControl "180+2"]
[EndTime "15:36:51 PDT"]
[Termination "Margency won by resignation"]

1. d4 d5 2. Bf4 Nf6 3. e3 c6 4.
Nf3 Qb6 5. b3 Bg4 6. Bd3 Nbd7 7.
O-O e6 8. c4 Be7 9. Nc3 O-O 10. c5 Qd8 11. h3 Bh5 12. b4 a6 13.
a4 b6 14. b5 Qc8 15. cxb6 cxb5 16. Rc1 Qb7 17. a5 Bb4 18. g4 Bg6 19. Bxg6 hxg6 20.
g5 Ne8 21. Na4 bxa4 22. Qxa4 Be7 23. Bc7 Rd8 24. Bxd8 Bxd8 25. Kg2 Nd6 26. Qc6 Qxc6 27. Rxc6 Nb7 28. Ra1 Re8 29. Rc8 Kf8 30. h4 Nxa5 31. Rxa5 Bxb6 32. Rxe8+ Kxe8 33. Rxa6 Bc7 34. Ra8+ Bd8 35.
Ne5 Nxe5 36. dxe5 Ke7 37. f4 Bb6 38. Kf3 Bc5 39. Rb8 Kd7 40. Rb7+ Ke8 41. e4 dxe4+ 42. Kxe4 Bf2 43. Rb1 Bxh4 44. Kf3 f6 45. Rh1 fxg5 46. Kg4 Kf7 47. fxg5 Bf2 48. Rf1 1-0

[Event "*** Titled Tuesday 3|2 Blitz"]
[Site "Chess.com"]
[Date "2017.06.06"]
[Round "8"]
[White "igorkovalenko"]
[Black "gmcorrales"]
[Result "1-0"]
[WhiteElo "2639"]
[BlackElo "2545"]
[TimeControl "180+2"]
[EndTime "15:37:04 PDT"]
[Termination "igorkovalenko won by checkmate"]

1. e4 c5 2. Nf3 Nc6 3. Bb5 g6 4.
Bxc6 dxc6 5. d3 Bg7 6. h3 Nf6 7. Nc3 Nd7 8. Be3 e5 9. Qd2 h6 10. a3 Qe7 11. O-O b6 12. b4 cxb4 13. axb4 Qxb4 14.
Rfb1 Qe7 15. Bxb6 Nxb6 16. Rxb6 axb6 17. Rxa8 O-O 18. Nd1 Qb7 19. Ra1 Be6 20. Ne3 Ra8 21.
Rxa8+ Qxa8 22. Qb4 b5 23. Qc5 f6 24. Qe7 Qc8 25. Nh4 Kh7 26. Nf3 Qd7 27. Qc5 Kg8 28. Nd2 Bf8 29. Qb6 Kf7 30. Nf3 h5 31. d4 Bd6 32.
dxe5 Bxe5 33. Nxe5+ fxe5 34. Qb8 Kf6 35. c3 Bf7 36. g4 Ke6 37. g5 Qd6 38. Qh8 Qe7 39. h4 Kd6 40. Kg2 Kc5 41. Qb8 Bc4 42. f3 Bb3 43.
Kf2 Bc4 44. Ke1 Bf7 45. Ke2 Qe8 46. Qa7+ Kd6 47. Qa3+ Kc7 48. Qa7+ Kd6 49. Nc2 Bc4+ 50. Kf2 Qd7 51. Qb8+ Qc7 52. Qf8+ Qe7 53. Qa8 Qe6 54. Nb4 Qh3 55. Qd8+ Kc5 56. Na6# 1-0

[Event "*** Titled Tuesday 3|2 Blitz"]
[Site "Chess.com"]
[Date "2017.06.06"]
[Round "8"]
[White "Jahonas"]
[Black "Shivagami"]
[Result "1-0"]
[WhiteElo "2196"]
[BlackElo "1994"]
[TimeControl "180+2"]
[EndTime "15:37:05 PDT"]
[Termination "Jahonas won by resignation"]

1. d4 Nc6 2. Nf3 d5 3. g3 Nf6 4. Bg2 Bg4 5. O-O Qd7 6. Ne5 Nxe5 7. dxe5 Ne4 8. c4 c6 9. f3 Nxg3 10. hxg3 Bf5 11. cxd5 cxd5 12. e4 dxe4 13. fxe4 Bg4 14. Qxd7+ Bxd7 15. e6 Bxe6 16. Nc3 Bc4 17. Rd1 e6 18.
Bf1 Bc5+ 19. Kg2 Bxf1+ 20. Kxf1 Ke7 21. Ke2 Rad8 22. Be3 Bd6 23. Bxa7 Bxg3 24. Bc5+ Ke8 25. Nb5 f6 26. Bd6 Bxd6 27. Nxd6+ Ke7 28. Nxb7 Rb8 29.
Nc5 Rxb2+ 30. Rd2 Rxd2+ 31. Kxd2 h5 32. Ke3 g5 33. Nd3 h4 34. Kf3 f5 35. Ne5 Kf6 36.
Nd7+ Kg7 37. e5 g4+ 38. Kg2 f4 39. Nf6 h3+ 40. Kf2 g3+ 41. Kf3 Rh4 42. Ne4 g2 43. Nf2 Kg6 44. a4 Kf5 45. a5 Kxe5 46. a6 Rh8 47. a7 Kf5 48. Nxh3 Rxh3+ 49. Kxg2 Rh8 50. a8=Q Rxa8 51. Rxa8 e5 52. Ra4 e4 53. Ra5+ Kg4 54.
Re5 e3 55. Re4 Kf5 56. Kf3 Kg5 57. Rxf4 e2 58. Re4 1-0

[Event "*** Titled Tuesday 3|2 Blitz"]
[Site "Chess.com"]
[Date "2017.06.06"]
[Round "8"]
[White "cukus"]
[Black "kleinebeer98"]
[Result "0-1"]
[WhiteElo "2440"]
[BlackElo "2468"]
[TimeControl "180+2"]
[EndTime "15:37:07 PDT"]
[Termination "kleinebeer98 won on time"]

1. d4 Nf6 2. Nf3 e6 3. Bf4 c5 4. e3 Nc6 5. c3 Be7 6. Bd3 Nh5 7.
Bg3 Nxg3 8. hxg3 g6 9. Nbd2 d5 10. Qe2 Bd7 11. O-O-O Qa5 12. Kb1 c4 13. Bc2 f5 14.
Ne5 Nxe5 15. dxe5 b5 16. a3 Rb8 17. Nf3 Bxa3 18. bxa3 Qxa3 19. Bxf5 b4 20. Qb2 gxf5 21. Qxa3 bxa3+ 22. Ka2 Rb2+ 23. Kxa3 Rxf2 24. Rd2 Rxd2 25. Nxd2 Rg8 26. Rh3 Rg7 27. Kb4 Kd8 28. Nf3 Kc7 29. Kc5 a5 30. Nd4 a4 31. Kb4 Kb6 32. Ne2 Ka7 33. Nd4 Ka6 34. Ne2 Be8 35. Nd4 Rb7+ 36. Ka3 Bg6 37. Nxe6 Rb3+ 38. Ka2 Rxc3 39. Nf4 Rxe3 40.
Nxd5 Rxe5 41. Nc3 Ka5 42. Rh4 Kb4 43. Nxa4 Kxa4 44. Rxc4+ Kb5 45. Rf4 Re2+ 46. Kb3 Rxg2 47. Rf3 Kc5 48. Kc3 Kd5 49. Re3 Ra2 50. Kb4 Ra7 0-1

[Event "*** Titled Tuesday 3|2 Blitz"]
[Site "Chess.com"]
[Date "2017.06.06"]
[Round "8"]
[White "Colombiano07"]
[Black "1stSecond"]
[Result "0-1"]
[WhiteElo "2284"]
[BlackElo "2529"]
[TimeControl "180+2"]
[EndTime "15:37:09 PDT"]
[Termination "1stSecond won on time"]

1. e4 c5 2. Nf3 e6 3. d4 cxd4 4.
Nxd4 Nc6 5. Nc3 Qc7 6. f4 a6 7.
Nxc6 bxc6 8. e5 d5 9. exd6 Bxd6 10. Ne4 Be7 11. Qf3 Nf6 12. Bd3 O-O 13. O-O Bb7 14. b3 c5 15. Bb2 Nxe4 16. Bxe4 Bxe4 17. Qxe4 Rad8 18. Rad1 Rxd1 19. Rxd1 Rd8 20. Rd3 Rxd3 21. cxd3 Qc8 22. f5 Bf8 23. f6 g6 24. Be5 h5 25. h4 Kh7 26. Kh2 Bh6 27. Kh3 Qd7 28.
a4 Qd8 29. g4 hxg4+ 30. Kxg4 Kg8 31. h5 gxh5+ 32. Kxh5 Bf8 33. Qg4+ Kh8 34. Qe4 Kg8 35. Kg4 Qa5 36. Kf3 Qd2 37. Qg4+ Kh7 38. Qh5+ Kg8 39. Qg4+ Kh7 40. Qh3+ Bh6 41. Bg3 Qxd3+ 42. Kg2 Qxb3 43. Qh5 Qd5+ 44. Qxd5 exd5 45. Kf3 Kg6 46.
Bd6 c4 47. Be5 Kf5 48. Bc3 Bg5 0-1